 Dungeon Crawl Stone Soup version 0.32-a0-779-g362cfcae2a (webtiles) character file.

Game seed: 17628587881936460829

2367592 ragingrage the Evocator (level 27, 171/217 HPs)
             Began as a Coglin Berserker on Mar 20, 2024.
             Was the Champion of Trog.
             Escaped with the Orb
             ... and 4 runes!
             The game lasted 01:37:16 (68709 turns).

ragingrage the Evocator (Coglin Berserker)         Turns: 68709, Time: 01:37:17

Health: 171/217    AC: 45    Str: 25    XL:     27
Magic:  7/7        EV: 19    Int: 10    God:    Trog [******]
Gold:   5858       SH:  0    Dex: 26    Spells: 26/26 levels left

rFire   + . .        Q - +9 quick blade (elec) {Ekveer}
rCold   + + .        w - +9 double sword (antimagic) {Somchai}
rNeg    . . .        N - +12 gold dragon scales
rPois   +            i - +2 helmet {Int+3}
rElec   +            M - +2 cloak {Will+}
rCorr   .            e - +2 pair of gloves of the Dolphin {rElec Str+8}
SInv    .            S - +2 pair of boots {rampage}
Will    ++++.        (amulet unavailable) Stlth
                     (ring unavailable)
HPRegen 1.36/turn    (ring unavailable)
MPRegen 0.50/turn    W - tungsten retrogenerator {rC+ Regen+ RegenMP+ Slay+3}

%: rampage
@: no status effects
A: off-hand wielding, slow wielding, warmup strikes, no jewellery, deformed
body, frail 1, strong-willed 1, weak 1
0: Orb of Zot
}: 4/15 runes: decaying, silver, abyssal, gossamer
a: Renounce Religion, Berserk, Trog's Hand, Brothers in Arms


You escaped.
You worshipped Trog.
Trog was exalted by your worship.
You visited 9 branches of the dungeon, and saw 47 of its levels.
You visited the Abyss 1 time.
You also visited: Gauntlet, Volcano, Wizlab and Desolation.

You collected 8042 gold pieces.
You spent 2184 gold pieces at shops.

Inventory:

Hand Weapons
 g - a +9 quick blade of flaming {Gyeongja}
 w - a +9 antimagic double sword (offhand) {Somchai}
 Q - a +9 quick blade of electrocution (weapon) {Ekveer}
Missiles
 J - 26 curare-tipped darts
 R - 5 throwing nets
Armour
 e - the +2 pair of gloves of the Dolphin (worn) {rElec Str+8}
   (You found it in a Gauntlet)

   Str+8:     It affects your strength (+8).
   rElec:     It insulates you from electricity.
 i - a +2 helmet of intelligence (worn)
 M - a +2 cloak of willpower (worn)
 N - +12 gold dragon scales (worn)
 S - a +2 pair of boots of rampaging (worn)
 X - the -2 hat of the Alchemist {rElec rPois rF+ rC+ rN+ Will+ rMut rCorr}
   (You acquired it on level 2 of the Lair of Beasts)

   rF+:       It protects you from fire.
   rC+:       It protects you from cold.
   rElec:     It insulates you from electricity.
   rPois:     It protects you from poison.
   rN+:       It protects you from negative energy.
   Will+:     It increases your willpower.
   rCorr:     It protects you from acid and corrosion.
   rMut:      It protects you from mutation.
Gizmo
 W - a tungsten retrogenerator (installed) {rC+ Regen+ RegenMP+ Slay+3}
   (You invented it yourself on level 3 of the Lair of Beasts)

   [tungsten retrogenerator]

   Slay+3:    It affects your accuracy & damage with ranged weapons and melee
   (+3).
   rC+:       It protects you from cold.
   Regen+:    It increases your rate of health regeneration.
   RegenMP+:  It increases your rate of magic regeneration.
Wands
 m - a wand of mindburst (36)
 t - a wand of light (35)
 y - a wand of charming (39)
 B - a wand of digging (20)
 I - a wand of roots (31)
 L - a wand of flame (21)
Scrolls
 b - 8 scrolls of poison
 k - 4 scrolls of brand weapon
 o - 4 scrolls of fear
 q - 6 scrolls of noise
 v - 11 scrolls of butterflies
 A - 6 scrolls of silence
 C - 11 scrolls of teleportation
 E - 4 scrolls of vulnerability
 F - 4 scrolls of immolation
 K - 4 scrolls of blinking
 P - 3 scrolls of revelation
 T - 10 scrolls of fog
 Z - 2 scrolls of enchant armour
Potions
 d - 7 potions of mutation
 f - 9 potions of magic
 h - 3 potions of cancellation
 j - 4 potions of invisibility
 p - 24 potions of curing
 r - 8 potions of attraction
 u - 10 potions of haste
 x - 7 potions of enlightenment
 z - 9 potions of lignification
 D - 8 potions of resistance
 G - 8 potions of heal wounds
 O - 6 potions of ambrosia
 U - 4 potions of might
 Y - 6 potions of berserk rage
Miscellaneous
 a - a lightning rod (4/4)
 c - a tin of tremorstones (2/2)
 s - a phantom mirror
 H - a phial of floods
 V - a sack of spiders (inert)


   Skills:
 - Level 25.0 Fighting
 - Level 12.4(14.6) Short Blades
 - Level 13.7(16.0) Long Blades
 + Level 21.1 Armour
 + Level 21.1 Dodging
 + Level 13.2 Stealth
 - Level 26.0 Evocations
 - Level 4.0 Shapeshifting


You had 26 spell levels left.
You didn't know any spells.
Your spell library was empty.

Dungeon Overview and Level Annotations

Branches:
Dungeon (15/15)            Temple (0/1) D:4            Lair (5/5) D:9
  Swamp (4/4) Lair:3       Spider (4/4) Lair:2        Slime (0/5) Lair:5
    Orc (2/2) D:9             Elf (3/3) Orc:2        Vaults (5/5) D:14
 Depths (4/4) D:15            Zot (5/5) Depths:4    Volcano (visited)
 WizLab (visited)         Desolation (visited)      Gauntlet (visited)
  Crypt: Vaults:2-3

Altars:
Dithmenos
Elyvilon
Fedhas
Hepliaklqana
Kikubaaqudgha
Makhleb
Okawaru
Sif Muna
Trog
Uskayaw
Zin
Beogh
Jiyva

Shops:
D:1 [   D:9 (   Orc:2 [([!!=([   Elf:1 (   Elf:2 !   Depths:1 *   Depths:3 !

Portals:
Hell: Depths:1 Depths:2 Depths:3 Depths:4
Abyss: D:13 Depths:2 Depths:3
Pandemonium: Depths:2
Ziggurat: Depths:2
Trove: Elf:3 (give 5 scrolls of blinking)

Annotations:
Vaults:5 Sojobo
Depths:1 exclusions: hell hog, 2 hell knights, hellion, orange crystal statue and 1 more exclusion
Depths:3 2 transporters
Zot:1 Boris
Zot:2 1 runed translucent door, Siopp's ghost, legendary DsFi
Zot:3 36 runed translucent doors


Innate Abilities, Weirdness & Mutations

You can wield a second weapon in your off-hand.
It takes a long time for you to wield or remove held weapons.
Your first few attacks do less damage.
You cannot equip rings or amulets.
Armour fits poorly on your strangely shaped body.
You are frail. (-10% HP)
You are strong-willed. (Will+)
You are weak. (Str -2)


Message History

You slice Viskoth with your +9 antimagic double sword!!
You kill Viskoth!
Trog accepts your kill.
You feel very sick. The orange demon closely misses you.
You feel very sick.
Your wolf spider hits the orange demon!
Your wolf spider bites the orange demon!
The orange demon looks as sick as possible!
Your wolf spider poisons the orange demon!
Your wolf spider completely misses the orange demon.
Your wolf spider bites the orange demon!
The orange demon misses your wolf spider.
The orange demon hits your wolf spider.
Your wolf spider looks weaker.
You feel very sick.
Your wolf spider hits the orange demon!
The orange demon dies!
Trog accepts your kill.
You feel very sick.
You feel sick.
You see here 8 stones.
You feel sick.
You feel sick.
You feel sick.
You feel sick.
You feel sick.
You feel sick.
You feel sick.
You are no longer poisoned.
You enter the shallow water.
Moving in this stuff is going to be slow.
There is a staircase leading out of the dungeon here.
You start resting.
Your steelbarb worm seems less drained.
Your wolf spider disappears in a puff of smoke!
Your steelbarb worm disappears in a puff of smoke!
A balrug comes into view.
It is wielding a +2 demon whip of venom.
A balrug is nearby!
You have escaped!

#.#.........#...###...
#.####.###(...........
##########.## #.##......###....
#..........####.##..#######....
#.##############.#########.....
#.# ###.#.#######.#... #.#
###.#####....#... #.#######
####.###..######## #.......#
#@##~~..###
#######.#######.s2~##∩#
#....##..###.####
#.##...#####s###
#.#########.#.### #.#
#######s####
##.#######...##s####
#####...######.####.# ###
####...........##.# #..# ##


You could see a balrug (ally target) and a friendly demonic crawler (summoned).

Vanquished Creatures
  10 orbs of fire
  4 ancient liches (Zot:5)
  Mara (Vaults:4)
  3 dread liches
  2 juggernauts
  Josephina (Zot:1)
  Xtahua (Vaults:5)
  Boris (Depths:1)
  3 Killer Klowns (Zot:5)
  Saint Roka (Vaults:5)
  Parghit (Depths:4)
  3 pandemonium lords
  A curse toe (Zot:2)
  2 caustic shrikes
  Jory (Vaults:5)
  8 golden dragons
  Margery (Vaults:5)
  Norris (Depths:1)
  Arachne (Spider:4)
  A Brimstone Fiend (Elf:3)
  A hellephant (Vaults:5)
  4 electric golems
  17 tentacled monstrosities
  An Ice Fiend (D:1)
  3 walking crystal tomes
  Jorgrun (Elf:1)
  11 quicksilver dragons
  2 liches
  2 titans (Vaults:5)
  2 walking earthen tomes (Depths:4)
  A walking frostbound tome (Depths:4)
  3 deep elf blademasters
  27 Orb Guardians
  11 sphinxes
  2 deep elf master archers (Elf:3)
  A tentacled starspawn (WizLab)
  Gastronok (Lair:2)
  7 death cobs
  Agnes (Elf:1)
  12 shadow dragons
  2 thorn hunters
  Aizul (Elf:3)
  6 tengu reavers
  12 storm dragons
  Roxanne (D:15)
  A fenstrider witch (Swamp:2)
  7 draconian monks
  13 frost giants
  5 protean progenitors
  7 draconian shifters
  2 imperial myrmidons (Desolation)
  14 fire giants
  6 draconian scorchers
  4 deep elf sorcerers
  3 draconian knights
  7 emperor scorpions (Spider:4)
  Louise (Spider:1)
  9 ghost moths
  4 deep elf elementalists
  An angel (Depths:4)
  A draconian stormcaller (Zot:1)
  A cacodemon (Abyss:4)
  10 vault wardens
  15 ironbound preservers
  2 balrugs
  A spriggan defender (Depths:4)
  15 very ugly things
  An orc warlord (Vaults:2)
  4 broodmothers
  3 draconian annihilators
  18 stone giants
  7 deep elf demonologists
  2 formless jellyfish
  A vampire knight (Depths:1)
  4 eleionomae
  6 deep elf death magi
  3 ironbound thunderhulks
  9 black draconians
  8 green draconians
  3 dire elephants
  4 white draconians
  10 bunyips
  5 deep elf annihilators
  3 halazid warlocks (Desolation)
  A minotaur (Gauntlet)
  7 purple draconians
  4 red draconians
  A war gargoyle (Vaults:1)
  16 spark wasps
  An eidolon (WizLab)
  A blizzard demon (Depths:4)
  12 fire dragons
  9 yellow draconians
  19 yaktaur captains
  5 crystal guardians
  3 jiangshi (Depths:2)
  A shambling mangrove (Swamp:4)
  6 ragged hierophants (Desolation)
  6 entropy weavers
  9 ettins
  9 peacekeepers
  9 servants of whispers (Desolation)
  10 deep elf high priests
  35 vault guards
  10 ice dragons
  5 great orbs of eyes
  24 hydras
  Erolcha (D:11)
  4 rakshasas
  11 alligators
  8 jorogumos
  4 catoblepae
  4 ghost crabs
  A hell beast (Depths:4)
  4 ironbound frosthearts
  5 spriggan air magi
  3 centaur warriors
  3 ogre magi
  6 boulder beetles
  4 radroaches
  5 deep troll shamans
  Urug (Orc:2)
  29 dancing weapons
  8 two-headed ogres
  A two-headed ogre (shapeshifter) (Vaults:5)
  7 tengu warriors
  10 demonic crawlers
  4 occultists
  5 orc high priests
  7 spriggan berserkers
  6 death yaks (Lair:5)
  The ghost of Vauhadiu the Basher, a novice FoFi of Okawaru (D:13)
  6 deep troll earth magi
  An emperor scorpion zombie (WizLab)
  3 vampire magi
  A thrashing horror (WizLab)
  2 sun demons (Depths:1)
  3 soul eaters
  6 skysharks
  9 hell knights
  4 iron trolls
  18 deep elf knights
  2 wretched stars
  2 shadow wraiths
  A death drake (shapeshifter) (Depths:1)
  9 pharaoh ants
  2 cherubim (Abyss:4)
  6 skeletal warriors (D:13)
  4 sixfirhies
  4 spriggan druids
  A tengu zombie (Vaults:2)
  11 swamp dragons
  2 goliath frogs (Swamp:1)
  6 glowing orange brains
  A deep troll (shapeshifter) (Elf:3)
  An anaconda skeleton (WizLab)
  4 bog bodies
  13 deep elf archers
  21 ironbound convokers
  14 arcanists
  2 obsidian statues (WizLab)
  31 deep trolls
  A flayed ghost (Vaults:5)
  2 sun moths (Spider:4)
  28 deep elf zephyrmancers
  3 elf zombies
  2 thermic dynamos (Elf:1)
  8 steelbarb worms
  10 lindwurms
  3 large abominations
  6 phantasmal warriors
  6 orb spiders
  36 deep elf pyromancers
  9 orc knights
  A harpy (Vaults:1)
  30 wolf spiders
  4 necromancers
  An obsidian bat (Orc:1)
  A wolf spider (shapeshifter) (WizLab)
  A faun (shapeshifter) (WizLab)
  6 cyclopes
  4 orc sorcerers
  24 moths of wrath
  A moth of wrath (shapeshifter) (Vaults:5)
  36 ugly things
  4 will-o-the-wisps
  4 manticores
  3 meliai (Spider:3)
  21 elephants
  3 guardian serpents (Desolation)
  5 worldbinders
  3 salamanders (Volcano)
  9 kobold blastminers
  9 black mambas
  A gargoyle (D:14)
  3 apocalypse crabs (WizLab)
  2 molten gargoyles (Desolation)
  12 torpor snails
  4 smoke demons
  16 vault sentinels
  12 cane toads
  A hellion (D:3)
  2 human zombies
  A kobold demonologist (D:8)
  4 rime drakes
  3 efreet
  3 tengu conjurers
  20 yaktaurs
  A yaktaur skeleton (Vaults:2)
  A freezing wraith (D:15)
  14 komodo dragons
  A wolf spider simulacrum (D:12)
  An ancient zyme (Abyss:4)
  13 tyrant leeches
  A hellwing (WizLab)
  28 tarantellas
  A wind drake (shapeshifter) (D:13)
  6 polar bears
  A raiju (shapeshifter) (Elf:1)
  4 raiju
  5 trolls
  18 hornets
  58 saltlings (Desolation)
  27 blink frogs
  7 dream sheep (Lair:5)
  2 glass eyes (Depths:4)
  3 centaur simulacra (D:12)
  A draconian simulacrum (Zot:1)
  2 air elementals (Elf:1)
  16 culicivoras
  40 jumping spiders
  2 vampires
  26 slime creatures
  14 spriggans
  2 wraiths (D:12)
  Eustachio (D:5)
  A shadow (D:11)
  12 wyverns
  3 water elementals
  6 fire bats (Volcano)
  A neqoxec (Zot:1)
  A golden eye (shapeshifter) (D:15)
  74 yaks
  5 wargs
  7 basilisks
  2 fire elementals
  51 redbacks
  An elf skeleton (Vaults:4)
  3 vampire mosquitoes (Swamp:2)
  2 steam dragons
  19 swamp worms
  A glowing shapeshifter zombie (Vaults:2)
  A chaos spawn (D:7)
  3 acid dragons
  18 water moccasins
  A moth of wrath simulacrum (Zot:1)
  38 orc warriors
  A redback (shapeshifter) (Depths:4)
  A laughing skull (Abyss:4)
  6 ice beasts
  2 sky beasts
  13 swamp drakes
  2 black bears
  10 ogres
  7 boggarts
  33 wolves
  11 centaurs
  A phantom (D:4)
  13 kobold brigands
  11 bullfrogs
  2 brain worms (Abyss:4)
  A gnoll sergeant (D:7)
  4 earth elementals
  A scorpion (D:9)
  A small abomination (Abyss:4)
  18 wights
  19 killer bees
  8 electric eels
  11 howler monkeys
  A bombardier beetle (D:4)
  A lava snake (D:14)
  2 jellies
  A quasit (Depths:3)
  2 hounds
  11 orc priests
  A gnoll bouda (D:3)
  3 iguanas (D:5)
  Terence (D:2)
  2 sleepcaps
  Natasha (D:1)
  13 orc wizards
  6 adders
  7 gnolls
  4 shadow imps
  3 white imps
  3 ufetubi
  A ribbon worm (D:5)
  5 dart slugs
  66 orcs
  7 endoplasms
  4 giant cockroaches
  7 goblins
  13 hobgoblins
  A jackal (D:3)
  46 kobolds
  6 quokkas
  3 ball pythons
  6 bats
  4 frilled lizards
  8 kobold skeletons (D:8)
  10 kobold zombies (D:8)
  9 rats
  3 aspiring fleshes (Zot:2)
  A starspawn tentacle (WizLab)
2286 creatures vanquished.

Vanquished Creatures (collateral kills)
  An orb of fire (Zot:5)
  Nikola (Spider:4)
  A golden dragon (Zot:5)
  2 Orb Guardians (Zot:5)
  A tengu reaver (Vaults:5)
  A draconian shifter (Zot:5)
  An angel (Abyss:4)
  An emperor scorpion (Spider:4)
  2 vault wardens
  2 ophanim (Abyss:4)
  A very ugly thing (Depths:4)
  A black draconian (Zot:5)
  A deep elf demonologist (Elf:3)
  A deep elf death mage (Elf:3)
  A red draconian (Zot:5)
  3 ettins (Vaults:5)
  2 yaktaur captains (Vaults:5)
  2 vault guards (Vaults:5)
  2 spriggan air magi
  A soul eater (D:1)
  An orc high priest (Vaults:5)
  A spriggan berserker (Swamp:3)
  3 orb spiders (Spider:4)
  A deep troll (Vaults:5)
  A large abomination (Abyss:4)
  2 orc knights (Vaults:5)
  A wolf spider (Spider:4)
  A smoke demon (Depths:1)
  An orange demon (D:1)
  A tarantella (Spider:4)
  2 jumping spiders (Spider:4)
  2 culicivoras (Spider:4)
  A chaos spawn (D:1)
  A redback (Spider:4)
47 creatures vanquished.

Vanquished Creatures (others)
  3 eldritch tentacles
  2 fire giants
  A yellow draconian (Zot:3)
  A bloated husk (Swamp:1)
  2 saltlings (Desolation)
  A hornet (Swamp:3)
  A draconian simulacrum (Zot:1)
  A raiju (Abyss:4)
  2 spriggans
  A green draconian simulacrum (Zot:1)
  A moth of wrath simulacrum (Zot:1)
  2 orc wizards (Orc:2)
  A white imp (D:12)
  An ufetubus (D:12)
  An orc (Orc:2)
  26 foxfires
  2 starspawn tentacles (WizLab)
49 creatures vanquished.

Grand Total: 2382 creatures vanquished

Notes
Turn   | Place    | Note
-------+----------+-------------------------------------------
     0 | D:1      | ragingrage the Coglin Berserker began the quest for the
                  | Orb.
     0 | D:1      | Reached XP level 1. HP: 18/18 MP: 1/1
    70 | D:1      | Reached XP level 2. HP: 20/24 MP: 2/2
   439 | D:1      | Found Uvoj's Armour Shoppe.
   445 | D:1      | Reached XP level 3. HP: 29/29 MP: 3/3
   502 | D:1      | Reached ** piety under Trog
   989 | D:2      | Noticed Terence
   996 | D:2      | Noticed Natasha
  1048 | D:1      | Killed Natasha
  1049 | D:1      | Reached skill level 1 in Stealth
  1049 | D:1      | Reached XP level 4. HP: 34/35 MP: 4/4
  1747 | D:2      | Killed Terence
  1977 | D:3      | Reached XP level 5. HP: 41/41 MP: 5/5
  2007 | D:3      | Reached skill level 1 in Short Blades
  2130 | D:3      | Found an iron altar of Okawaru.
  2151 | D:3      | Reached XP level 6. HP: 35/47 MP: 6/6
  2602 | D:4      | Reached *** piety under Trog
  2666 | D:4      | Found a staircase to the Ecumenical Temple.
  2852 | D:4      | Reached XP level 7. HP: 52/52 MP: 7/7
  2967 | D:4      | Reached skill level 5 in Short Blades
  3649 | D:5      | Entered Level 5 of the Dungeon
  3692 | D:5      | Noticed Eustachio
  3703 | D:5      | Killed Eustachio
  4148 | D:5      | Reached XP level 8. HP: 49/58 MP: 8/8
  5080 | D:6      | Found a white marble altar of Elyvilon.
  5081 | D:6      | Found a burning altar of Makhleb.
  5112 | D:6      | Found a shimmering blue altar of Sif Muna.
  5720 | D:7      | Reached XP level 9. HP: 52/63 MP: 9/9
  5786 | D:7      | Reached skill level 1 in Evocations
  5871 | D:7      | Reached **** piety under Trog
  6037 | D:7      | Reached skill level 2 in Evocations
  6178 | D:7      | Found a shadowy altar of Dithmenos.
  6205 | D:7      | Found a glowing silver altar of Zin.
  6246 | D:8      | Found the +8 pair of quick blades "Gyre" and "Gimble"
                  | {protect}
  6269 | D:8      | Noticed a two-headed ogre
  6269 | D:8      | Noticed a two-headed ogre
  6273 | D:8      | Killed a two-headed ogre
  6274 | D:8      | Reached skill level 3 in Evocations
  6278 | D:8      | Killed a two-headed ogre
  6279 | D:8      | Reached skill level 10 in Short Blades
  6279 | D:8      | Reached skill level 4 in Evocations
  6279 | D:8      | Reached XP level 10. HP: 58/73 MP: 10/10
  6589 | D:8      | Noticed a kobold demonologist
  6596 | D:8      | Found an ancient bone altar of Kikubaaqudgha.
  6598 | D:8      | Killed a kobold demonologist
  6606 | D:8      | Reached ***** piety under Trog
  6753 | D:8      | Received a gift from Trog
  7449 | D:8      | Reached skill level 5 in Long Blades
  7449 | D:8      | Reached XP level 11. HP: 78/78 MP: 11/11
  7970 | D:9      | Found a staircase to the Orcish Mines.
  8043 | D:9      | Noticed a two-headed ogre
  8048 | D:9      | Killed a two-headed ogre
  8126 | D:9      | Found a blossoming altar of Fedhas.
  8130 | D:9      | Found an ancient bone altar of Kikubaaqudgha.
  8350 | D:9      | Found a hide-covered altar of Uskayaw.
  8376 | D:9      | Found Rotynk's Antique Weapon Shoppe.
  8498 | D:9      | Bought a translucent long sword for 221 gold pieces
  8498 | D:9      | Identified the +0 long sword of the Girdle {elec, rF+ Dex+4
                  | Stlth+} (You bought it in a shop on level 9 of the Dungeon)
  8596 | D:9      | Reached skill level 10 in Long Blades
  8596 | D:9      | HP: 3/78 [yak (11)]
  8832 | D:9      | Found a staircase to the Lair.
  8990 | D:10     | Entered Level 10 of the Dungeon
  9458 | D:10     | Reached XP level 12. HP: 84/84 MP: 12/12
  9510 | D:10     | Found a bloodstained altar of Trog.
  9816 | D:11     | Reached skill level 5 in Fighting
  9948 | D:11     | Reached skill level 5 in Evocations
  9951 | D:11     | Noticed a boulder beetle
  9982 | D:11     | Killed a boulder beetle
 10122 | D:11     | Noticed Erolcha
 10129 | D:11     | Killed Erolcha
 10346 | D:11     | Reached skill level 6 in Evocations
 10599 | D:12     | Identified the +0 chain mail of the Equator {+Inv Fly}
 10867 | D:12     | Reached skill level 5 in Armour
 10867 | D:12     | Reached skill level 5 in Dodging
 11138 | D:12     | Reached ****** piety under Trog
 11139 | D:12     | Reached skill level 7 in Evocations
 11787 | D:12     | Noticed a two-headed ogre
 11795 | D:12     | Killed a two-headed ogre
 11796 | D:12     | Reached skill level 8 in Evocations
 11830 | D:12     | Noticed a fire dragon
 11852 | D:12     | Killed a fire dragon
 12047 | D:12     | Noticed a fire giant
 12103 | D:12     | Reached XP level 13. HP: 64/93 MP: 13/13
 12324 | D:12     | Noticed a deep elf high priest
 12333 | D:12     | Killed a deep elf high priest
 12334 | D:12     | Reached skill level 9 in Evocations
 12661 | D:12     | Killed a fire giant
 12662 | D:12     | Noticed a fire giant
 12676 | D:12     | Killed a fire giant
 12677 | D:12     | Reached skill level 10 in Evocations
 13193 | D:12     | Identified the staff of Solemn Responsibility {Fly rPois
                  | rF+ Alchemy}
 13397 | Lair:1   | Entered Level 1 of the Lair of Beasts
 13544 | Lair:1   | Received a gift from Trog
 14495 | Lair:1   | Noticed a dire elephant
 14518 | Lair:1   | Found a runed translucent door.
 14681 | Lair:2   | Found a hole to the Spider Nest.
 14844 | Lair:2   | Noticed Sonja
 14850 | Lair:2   | Sonja changed into Sonja the hornet
 14850 | Lair:2   | Noticed Sonja
 14857 | Lair:2   | Killed Sonja the hornet
 14908 | Lair:2   | Noticed Gastronok
 14919 | Lair:2   | Killed Gastronok
 15114 | Lair:2   | Identified 2 scrolls of acquirement
 15122 | Lair:2   | Acquired the -2 hat of the Alchemist {rElec rPois rF+ rC+
                  | rN+ Will+ rMut rCorr}
 15122 | Lair:2   | Found the -2 hat of the Alchemist {rElec rPois rF+ rC+ rN+
                  | Will+ rMut rCorr}
 15137 | Lair:2   | Acquired a +1 quick blade of electrocution
 15571 | Lair:3   | Found a staircase to the Swamp.
 15690 | Lair:3   | Reached skill level 5 in Stealth
 15828 | Lair:3   | Reached XP level 14. HP: 98/103 MP: 14/14
 15828 | Lair:3   | Acquired a tungsten retrogenerator {rC+ Regen+ RegenMP+
                  | Slay+3}
 15920 | Lair:3   | Received a gift from Trog
 16679 | Lair:4   | Found a dark tunnel.
 16739 | Volcano  | Entered a volcano
 18035 | Lair:5   | Entered Level 5 of the Lair of Beasts
 18035 | Lair:5   | Found a gate leading to a gauntlet.
 18060 | Lair:5   | Reached XP level 15. HP: 114/114 MP: 15/15
 18067 | Lair:5   | Received a gift from Trog
 18100 | Gauntlet | Entered a Gauntlet
 18100 | Gauntlet | Found a transporter.
 18100 | Gauntlet | Found a runed translucent gate.
 18100 | Gauntlet | Found a transporter.
 18129 | Gauntlet | Found a runed translucent gate.
 18134 | Gauntlet | Found a runed translucent gate.
 18141 | Gauntlet | Found a transporter.
 18142 | Gauntlet | Found a transporter.
 18145 | Gauntlet | Found a transporter.
 18145 | Gauntlet | Found a transporter.
 18178 | Gauntlet | Found a transporter.
 18179 | Gauntlet | Found a transporter.
 18195 | Gauntlet | Found a transporter.
 18203 | Gauntlet | Noticed a balrug
 18205 | Gauntlet | Found a transporter.
 18223 | Gauntlet | Found a transporter.
 18224 | Gauntlet | Found a transporter.
 18381 | Gauntlet | Killed a balrug
 18404 | Gauntlet | Identified the +2 pair of gloves of the Dolphin {rElec
                  | Str+8}
 18434 | Gauntlet | Reached skill level 10 in Dodging
 18445 | Gauntlet | Identified the ring of Ythal {rPois Str+4 SInv}
 18445 | Gauntlet | Identified the dragon-blood talisman of Gravity {rElec rF+
                  | Str+3}
 18568 | Lair:5   | Reached skill level 10 in Fighting
 19043 | Lair:5   | Found a viscous altar of Jiyva.
 19043 | Lair:5   | Found a staircase to the Slime Pits.
 19618 | Orc:1    | Entered Level 1 of the Orcish Mines
 19625 | Orc:1    | Reached skill level 10 in Armour
 19905 | Orc:2    | Entered Level 2 of the Orcish Mines
 19905 | Orc:2    | Found Zesacor's Antique Armour Shop.
 19905 | Orc:2    | Found Asobo Ana's Weapon Shop.
 19909 | Orc:2    | Noticed Urug
 19914 | Orc:1    | Received a gift from Trog
 20383 | Orc:2    | Found a staircase to the Elven Halls.
 20390 | Orc:2    | Killed Urug
 20512 | Orc:2    | Bought a pair of embroidered boots for 172 gold pieces
 20704 | Orc:2    | Reached XP level 16. HP: 119/123 MP: 16/16
 20925 | Orc:2    | Received a gift from Trog
 20999 | Orc:2    | Found Pepputyec's Armour Shoppe.
 21109 | Orc:2    | Found Deip Nea's Armour Boutique.
 21122 | Orc:2    | Bought a +2 cloak of willpower for 322 gold pieces
 21137 | Orc:1    | Found a roughly hewn altar of Beogh.
 21137 | Orc:1    | Found a roughly hewn altar of Beogh.
 21409 | Orc:2    | Found Mismeptu's Distillery.
 21409 | Orc:2    | Found Mecuiromm's Jewellery Emporium.
 21411 | Orc:2    | Found Coasyogo's Antique Weapon Shoppe.
 21413 | Orc:2    | Found Ycluit Roaro's Distillery.
 21417 | Orc:2    | Bought a potion of heal wounds for 70 gold pieces
 21417 | Orc:2    | Bought a potion of might for 56 gold pieces
 21425 | Orc:2    | Bought a potion of ambrosia for 120 gold pieces
 21425 | Orc:2    | Bought a potion of resistance for 150 gold pieces
 21726 | D:13     | Found a transporter.
 21823 | D:13     | Reached skill level 11 in Evocations
 21862 | D:13     | Found a one-way gate to the infinite horrors of the Abyss.
 21862 | D:13     | Noticed Vauhadiu's ghost (novice FoFi)
 22052 | D:13     | Found a transporter.
 23066 | D:14     | Found a gate to the Vaults.
 23084 | D:14     | Received a gift from Trog
 23153 | D:14     | Reached skill level 12 in Evocations
 23802 | D:15     | Entered Level 15 of the Dungeon
 23975 | D:15     | Noticed Roxanne
 24152 | D:15     | Identified the ring of Zongynnuj {AC+4 Str+2 SInv}
 24332 | D:15     | Found a staircase to the Depths.
 24938 | Swamp:1  | Entered Level 1 of the Swamp
 25131 | Swamp:1  | Reached XP level 17. HP: 136/136 MP: 17/17
 25567 | Swamp:1  | You fall into a shaft and drop 1 floor!
 25591 | Swamp:2  | Reached skill level 13 in Evocations
 25685 | Swamp:2  | Received a gift from Trog
 27597 | Swamp:4  | Entered Level 4 of the Swamp
 27624 | Swamp:3  | HP: 6/210 [seven-headed hydra (11)]
 27929 | Swamp:4  | Reached skill level 14 in Evocations
 28070 | Swamp:4  | Identified the +8 falchion "Utzic" {spect, Int+4}
 28230 | Swamp:4  | Received a gift from Trog
 28434 | Swamp:3  | Reached skill level 15 in Fighting
 28682 | Swamp:4  | Reached XP level 18. HP: 149/149 MP: 18/18
 28830 | Swamp:4  | Reached skill level 15 in Evocations
 29019 | Swamp:4  | Got a decaying rune of Zot
 29608 | Elf:1    | Entered Level 1 of the Elven Halls
 29923 | Elf:1    | Noticed Jorgrun
 29931 | Elf:1    | Killed Jorgrun
 30140 | Elf:1    | Paralysed by an air elemental for 1 turns
 30191 | Elf:1    | Noticed Agnes
 30205 | Elf:1    | Killed Agnes
 30369 | Elf:1    | Found Sygog's Antique Weapon Shop.
 30371 | Elf:1    | Received a gift from Trog
 30864 | Elf:2    | Found Zuppatah's Distillery.
 30877 | Elf:2    | Bought a potion of berserk rage for 70 gold pieces
 30877 | Elf:2    | Bought a potion of heal wounds for 70 gold pieces
 30877 | Elf:2    | Bought a potion of haste for 140 gold pieces
 30918 | Elf:2    | Received a gift from Trog
 30919 | Elf:2    | Reached skill level 16 in Evocations
 31313 | Elf:3    | Entered Level 3 of the Elven Halls
 31339 | Elf:3    | Noticed a deep elf blademaster
 31352 | Elf:3    | Killed a deep elf blademaster
 31352 | Elf:3    | Noticed a deep elf master archer
 31357 | Elf:3    | Reached skill level 1 in Shapeshifting
 31729 | Elf:3    | Identified the +4 morningstar "Dopiy" {flame, ^Contam
                  | Will++ Dex+4} (Trog gifted it to you on level 3 of the
                  | Elven Halls)
 31729 | Elf:3    | Received a gift from Trog
 31823 | Elf:3    | Reached XP level 19. HP: 157/157 MP: 19/19
 31857 | Elf:3    | Noticed an Ice Fiend
 31880 | Elf:3    | Noticed a Brimstone Fiend
 31962 | Elf:3    | Killed a Brimstone Fiend
 32348 | Elf:3    | Identified the serpent talisman of the Cuttlefish {Str+3
                  | Dex+3 Stlth+}
 32348 | Elf:3    | Noticed Aizul
 32785 | Abyss:4  | Found a corrupted altar of Lugonu.
 32785 | Abyss:4  | Cast into level 4 of the Abyss (+4 halberd of distortion)
 32815 | Abyss:4  | Found a glowing golden altar of the Shining One.
 32893 | Abyss:4  | Noticed a juggernaut
 32905 | Abyss:4  | Killed a juggernaut
 32915 | Abyss:4  | Got an abyssal rune of Zot
 32942 | Abyss:4  | Found a glowing golden altar of the Shining One.
 33039 | Abyss:4  | Received a gift from Trog
 33042 | Elf:3    | Escaped the Abyss
 33051 | Elf:3    | Reached skill level 17 in Evocations
 33786 | Elf:3    | Identified the ring "Adahu" {Str+3 Dex+6}
 34077 | Elf:3    | Noticed a Tzitzimitl
 34128 | Elf:3    | Killed Aizul
 34129 | Elf:3    | Reached skill level 10 in Stealth
 34277 | Elf:3    | Found a portal to a secret trove of treasure.
 34923 | Elf:3    | Found a portal to a secret trove of treasure.
 35615 | Elf:2    | Found a huge runed translucent gate.
 35615 | Elf:2    | Found a huge runed translucent gate.
 35615 | Elf:2    | Found a huge runed translucent gate.
 35615 | Elf:2    | Found a huge runed translucent gate.
 35615 | Elf:2    | Found a huge runed translucent gate.
 35787 | Elf:2    | Received a gift from Trog
 35791 | Elf:2    | HP: 5/161 [something/shard of ice (25)]
 36056 | Elf:2    | Reached XP level 20. HP: 158/168 MP: 20/20
 36128 | Elf:2    | Acquired a +2 double sword of holy wrath
 36371 | Spider:1 | Entered Level 1 of the Spider Nest
 36383 | Spider:1 | Reached skill level 15 in Dodging
 37266 | Spider:1 | Noticed Louise
 37275 | Spider:1 | Killed Louise
 37631 | Spider:2 | Received a gift from Trog
 39039 | Spider:3 | Received a gift from Trog
 39525 | Spider:3 | Identified the +1 arbalest "Arcanum" {flame, rPois rC+
                  | Str+3 Int+2}
 39565 | Spider:4 | Entered Level 4 of the Spider Nest
 39571 | Spider:4 | Noticed Arachne
 39580 | Spider:4 | Killed Arachne
 39972 | Spider:4 | Reached XP level 21. HP: 173/180 MP: 21/21
 40049 | Spider:4 | Reached skill level 18 in Evocations
 40131 | Spider:4 | Received a gift from Trog
 40565 | Spider:4 | Acquired a manual of Dodging
 40590 | Spider:4 | Noticed Nikola
 40598 | Spider:4 | Killed Nikola
 40805 | Spider:4 | Reached XP level 22. HP: 188/188 MP: 22/22
 40832 | Spider:4 | Got a gossamer rune of Zot
 41285 | Vaults:1 | Entered Level 1 of the Vaults
 41671 | Vaults:1 | Reached skill level 19 in Evocations
 41891 | Vaults:1 | Received a gift from Trog
 43560 | Vaults:2 | You fall into a shaft and drop 1 floor!
 43644 | Vaults:3 | Found a magical portal.
 43668 | WizLab   | Entered The Roulette of Golubria
 43668 | WizLab   | Found a transporter.
 43671 | WizLab   | Found a corrupted altar of Lugonu.
 43695 | WizLab   | Reached skill level 20 in Evocations
 43734 | WizLab   | Found a transporter.
 43791 | WizLab   | Found a transporter.
 43857 | WizLab   | Found a corrupted altar of Lugonu.
 43893 | WizLab   | Found a transporter.
 43918 | WizLab   | Found a transporter.
 43918 | WizLab   | Found a transporter.
 43943 | WizLab   | Found a transporter.
 43958 | WizLab   | Found a transporter.
 44030 | WizLab   | Found a transporter.
 44034 | WizLab   | Found a transporter.
 44037 | WizLab   | Received a gift from Trog
 44038 | WizLab   | Reached XP level 23. HP: 189/198 MP: 0/23
 44041 | WizLab   | Found a corrupted altar of Lugonu.
 44094 | WizLab   | Found a transporter.
 44096 | WizLab   | Found a transporter.
 44181 | WizLab   | Found a transporter.
 44181 | WizLab   | Found a transporter.
 44184 | WizLab   | Found a corrupted altar of Lugonu.
 44328 | WizLab   | Found a transporter.
 44328 | WizLab   | Found a transporter.
 44420 | WizLab   | Identified the +1 cloak of an ice cave {-Tele rF+ Regen+
                  | Dex+3}
 44434 | WizLab   | Identified the +3 cloak "Fetohamn" {-Tele rPois Dex+2
                  | Stlth+}
 44486 | WizLab   | Found a transporter.
 44486 | WizLab   | Found a transporter.
 44486 | WizLab   | Found a corrupted altar of Lugonu.
 44532 | WizLab   | Found a transporter.
 45133 | Vaults:3 | Received a gift from Trog
 45672 | Vaults:4 | Found a crumbling gateway.
 45691 | Desolati | Entered the Desolation of Salt
 45737 | Desolati | Received a gift from Trog
 45921 | Desolati | Identified the +1 leather armour of Brilliance {Int+3}
 45939 | Desolati | Identified the +1 lajatang of Xurie {freeze, Str+5}
 46160 | Desolati | Found the +2 pair of slick slippers {slick, slippery, EV+4}
 46187 | Desolati | Received a gift from Trog
 46211 | Desolati | Identified the +9 ring mail of Somewhere Else {Harm ^Drain
                  | MP+9 Dex+4}
 46352 | Desolati | Found the +7 Spriggan's Knife {stab, EV+4 Stlth+}
 46387 | Desolati | Identified the +0 leather armour of Cocytus {Int+3 Dex+3
                  | Slay+2}
 46394 | Desolati | Identified the +3 plate armour of Surprise {Int+3 Dex+6}
 46416 | Desolati | Identified the ring of Osere {Str+3 Dex+3 SInv}
 46421 | Desolati | Identified the +1 mace of the Sharing Penguin {freeze,
                  | Int+9}
 46985 | Vaults:4 | Noticed Xtahua
 47096 | Vaults:4 | Reached XP level 24. HP: 199/210 MP: 23/23
 47177 | Vaults:4 | Noticed Mara
 47194 | Vaults:4 | Killed Mara
 47335 | Vaults:4 | Received a gift from Trog
 47945 | D:13     | Killed Vauhadiu's ghost
 48063 | D:15     | Killed Roxanne
 48802 | Depths:1 | Entered Level 1 of the Depths
 48805 | Depths:1 | Found Yxzid's Assorted Antiques.
 48811 | Depths:1 | Bought a potion of curing for 93 gold pieces
 48811 | Depths:1 | Bought a scroll of blinking for 232 gold pieces
 49051 | Orc:2    | Bought a potion of heal wounds for 75 gold pieces
 49051 | Orc:2    | Bought a potion of might for 60 gold pieces
 49051 | Orc:2    | Bought a potion of attraction for 45 gold pieces
 49302 | Depths:1 | Noticed Norris
 49369 | Depths:1 | Killed Norris
 49486 | Depths:1 | Identified the +4 robe of the Eight Boll Weevils {*Slow rF+
                  | MP+9 Int+5}
 49486 | Depths:1 | Noticed Boris
 49516 | Depths:1 | Killed Boris
 50114 | Depths:1 | Reached skill level 21 in Evocations
 50817 | Depths:1 | Found a gateway to Hell.
 50922 | Depths:2 | Found a one-way gate leading to the halls of Pandemonium.
 51271 | Depths:2 | Found a one-way gateway to a ziggurat.
 51306 | Depths:2 | Noticed a caustic shrike
 51309 | Depths:2 | Killed a caustic shrike
 52244 | Depths:2 | Identified the +4 long sword of Zenk {protect, rN++}
 52292 | Depths:3 | Reached skill level 22 in Evocations
 52343 | Depths:3 | Found a transporter.
 52522 | Depths:3 | Received a gift from Trog
 52577 | Depths:3 | Found a transporter.
 52681 | Depths:3 | Reached XP level 25. HP: 217/217 MP: 23/23
 53098 | Depths:3 | Found Vevug's Distillery.
 53106 | Depths:3 | Bought a potion of haste for 160 gold pieces
 53106 | Depths:3 | Bought a potion of cancellation for 128 gold pieces
 53357 | Depths:4 | Entered Level 4 of the Depths
 53625 | Depths:4 | Found a shadowy altar of Dithmenos.
 53625 | Depths:4 | Found a hazy altar of Hepliaklqana.
 53626 | Depths:4 | Found a shadowy altar of Dithmenos.
 53820 | Depths:4 | Found a gate to the Realm of Zot.
 54056 | Depths:4 | Received a gift from Trog
 54146 | Depths:4 | Reached skill level 23 in Evocations
 54151 | Depths:4 | Noticed Parghit
 54753 | Depths:4 | Reached skill level 24 in Evocations
 54890 | Depths:4 | Identified the +4 sling of Hatred {drain, rF+ Str+2}
 54898 | Depths:4 | Noticed a juggernaut
 55099 | Depths:4 | Identified the +2 long sword of Greatest Utility {venom,
                  | Dex+4}
 55236 | Depths:4 | Noticed a juggernaut
 55248 | Depths:4 | Killed a juggernaut
 55255 | Depths:4 | Received a gift from Trog
 55483 | Depths:4 | Killed Parghit
 56225 | Vaults:5 | Entered Level 5 of the Vaults
 56230 | Vaults:5 | Noticed Saint Roka
 56249 | Vaults:5 | Killed Saint Roka
 56250 | Vaults:5 | Reached skill level 15 in Armour
 56329 | Vaults:5 | Noticed Jory
 56345 | Vaults:5 | Killed Jory
 56529 | Vaults:5 | Identified the +5 scale mail "Aqu Ir Vef" {+Blink rCorr
                  | Dex+3}
 56828 | Vaults:5 | Reached XP level 26. HP: 114/214 MP: 23/23
 56985 | Vaults:5 | Identified the +7 long sword of Ighijod {heavy, Str+4}
                  | (Trog gifted it to you on level 5 of the Vaults)
 56985 | Vaults:5 | Received a gift from Trog
 57172 | Vaults:5 | Identified the +0 dagger "Farob" {protect, *Rage rF+ SInv
                  | Stlth+}
 57238 | Vaults:5 | Identified the ring of Xosav {rC+ Str+3 Int+8}
 57406 | Vaults:5 | Killed Xtahua
 57426 | Vaults:5 | Received a gift from Trog
 57435 | Vaults:5 | Noticed Margery
 57438 | Vaults:5 | Identified the ring of the Enfolding Hero {AC+4 Int+3
                  | Dex+2}
 57689 | Vaults:5 | Got a silver rune of Zot
 57770 | Vaults:5 | Noticed Sojobo
 57962 | Vaults:5 | Noticed a dread lich
 57965 | Vaults:5 | Identified the +0 leather armour of Morality {Slay+2}
 57983 | Vaults:5 | Killed a dread lich
 58095 | Vaults:5 | Identified the +7 broad axe "Vannuy Wuep" {venom, Int+2}
 58112 | Vaults:5 | Killed Margery
 58113 | Vaults:5 | Reached skill level 25 in Evocations
 59070 | Zot:1    | Entered Level 1 of the Realm of Zot
 59216 | Zot:1    | You fall into a shaft and drop 1 floor!
 59781 | Zot:1    | Identified the ring of Gyesud {Ice ^Drain rN+++ Str-5
                  | Stlth+}
 59781 | Zot:1    | Noticed Josephina
 59793 | Zot:1    | Killed Josephina
 60343 | Zot:2    | Noticed an orb of fire
 60363 | Zot:2    | Killed an orb of fire
 60369 | Zot:2    | Reached XP level 27. HP: 125/235 MP: 23/23
 60567 | Zot:2    | Found the +10 Black Knight's barding {ponderous, rPois rN+}
 60729 | Zot:2    | Reached skill level 26 in Evocations
 60955 | Zot:2    | Found a runed translucent door.
 60956 | Zot:2    | Noticed Siopp's ghost (legendary DsFi)
 61541 | Zot:3    | Found a huge runed translucent gate.
 61541 | Zot:3    | Found a huge runed translucent gate.
 61541 | Zot:3    | Found a huge runed translucent gate.
 61542 | Zot:3    | Found a huge runed translucent gate.
 61542 | Zot:3    | Found a huge runed translucent gate.
 61543 | Zot:3    | Found a huge runed translucent gate.
 61543 | Zot:3    | Found a huge runed translucent gate.
 61543 | Zot:3    | Found a huge runed translucent gate.
 61544 | Zot:3    | Found a huge runed translucent gate.
 61544 | Zot:3    | Found a huge runed translucent gate.
 61545 | Zot:3    | Found a huge runed translucent gate.
 61545 | Zot:3    | Found a huge runed translucent gate.
 61545 | Zot:3    | Found a huge runed translucent gate.
 61545 | Zot:3    | Found a huge runed translucent gate.
 61549 | Zot:3    | Found a huge runed translucent gate.
 61550 | Zot:3    | Found a huge runed translucent gate.
 61551 | Zot:3    | Found a huge runed translucent gate.
 61551 | Zot:3    | Found a huge runed translucent gate.
 61553 | Zot:3    | Found a huge runed translucent gate.
 61554 | Zot:3    | Found a huge runed translucent gate.
 61557 | Zot:3    | Found a huge runed translucent gate.
 61566 | Zot:3    | Found a huge runed translucent gate.
 61568 | Zot:3    | Found a huge runed translucent gate.
 61569 | Zot:3    | Found a huge runed translucent gate.
 61570 | Zot:3    | Found a huge runed translucent gate.
 61571 | Zot:3    | Found a huge runed translucent gate.
 61574 | Zot:3    | Found a huge runed translucent gate.
 61576 | Zot:3    | Found a huge runed translucent gate.
 61577 | Zot:3    | Found a huge runed translucent gate.
 61578 | Zot:3    | Found a huge runed translucent gate.
 61579 | Zot:3    | Found a huge runed translucent gate.
 61579 | Zot:3    | Found a huge runed translucent gate.
 61843 | Zot:3    | Received a gift from Trog
 61858 | Zot:3    | Found a huge runed translucent gate.
 61858 | Zot:3    | Found a huge runed translucent gate.
 62203 | Zot:3    | Found a huge runed translucent gate.
 62203 | Zot:3    | Noticed an ancient lich
 62204 | Zot:3    | Found a huge runed translucent gate.
 62210 | Zot:3    | Noticed a dread lich
 62210 | Zot:3    | Noticed a dread lich
 63071 | Zot:5    | Entered Level 5 of the Realm of Zot
 63891 | Zot:5    | Noticed an orb of fire
 63898 | Zot:5    | Gained mutation: You occasionally lose the ability to read
                  | scrolls when taking damage. [an orb of fire]
 63904 | Zot:5    | Killed an orb of fire
 63914 | Zot:5    | Lost mutation: You occasionally lose the ability to read
                  | scrolls when taking damage. [potion of mutation]
 63914 | Zot:5    | Gained mutation: You are robust. (+10% HP) [potion of
                  | mutation]
 63914 | Zot:5    | Lost mutation: You are robust. (+10% HP) [potion of
                  | mutation]
 63914 | Zot:5    | Gained mutation: You are strong-willed. (Will+) [potion of
                  | mutation]
 63914 | Zot:5    | Gained mutation: You have hidden genetic potential. [potion
                  | of mutation]
 63958 | Zot:5    | Noticed an ancient lich
 63975 | Zot:5    | Killed an ancient lich
 64041 | Zot:5    | Noticed an ancient lich
 64055 | Zot:5    | Killed an ancient lich
 64093 | Zot:5    | Noticed an orb of fire
 64106 | Zot:5    | Killed an orb of fire
 64439 | Zot:5    | Noticed a dread lich
 64450 | Zot:5    | Killed a dread lich
 64666 | Zot:5    | Noticed an orb of fire
 64675 | Zot:5    | Gained mutation: You are weak. (Str -2) [an orb of fire]
 64676 | Zot:5    | Gained mutation: You are frail. (-10% HP) [an orb of fire]
 64677 | Zot:5    | Killed an orb of fire
 65166 | Zot:5    | Noticed an orb of fire
 65177 | Zot:5    | Gained mutation: Armour fits poorly on your strangely
                  | shaped body. [an orb of fire]
 65187 | Zot:5    | Killed an orb of fire
 65187 | Zot:5    | Received a gift from Trog
 65248 | Zot:5    | Noticed a dread lich
 65255 | Zot:5    | Killed a dread lich
 65806 | Zot:5    | Noticed an orb of fire
 65818 | Zot:5    | Noticed an orb of fire
 65830 | Zot:5    | Killed an orb of fire
 65843 | Zot:5    | Killed an orb of fire
 65870 | Zot:5    | Noticed an ancient lich
 65875 | Zot:5    | Noticed an orb of fire
 65891 | Zot:5    | Killed an orb of fire
 65907 | Zot:5    | Killed an ancient lich
 66236 | Zot:5    | Noticed an orb of fire
 66246 | Zot:5    | Killed an orb of fire
 66479 | Zot:5    | Noticed an orb of fire
 66492 | Zot:5    | Killed an orb of fire
 66844 | Zot:5    | Noticed an ancient lich
 66855 | Zot:5    | Killed an ancient lich
 66864 | Zot:5    | Noticed an orb of fire
 67007 | Zot:5    | Lost mutation: You have hidden genetic potential. [an orb
                  | of fire]
 67017 | Zot:5    | Killed an orb of fire
 67828 | Zot:5    | Got the Orb of Zot
 67961 | Zot:1    | Identified the +4 robe "Inewam" {Archmagi}
 67961 | Zot:1    | Noticed Boris
 68051 | Depths:4 | Noticed Nimidyng the pandemonium lord
 68075 | Depths:4 | Killed Nimidyng the pandemonium lord
 68122 | Depths:3 | Noticed Nuypp the pandemonium lord
 68137 | Depths:3 | Killed Nuypp the pandemonium lord
 68217 | D:15     | Noticed Jiaguyt the pandemonium lord
 68523 | D:5      | Noticed Hoaloj the pandemonium lord
 68615 | D:1      | Noticed Viskoth the pandemonium lord
 68632 | D:1      | Killed Viskoth the pandemonium lord
 68709 | D:$      | Escaped with the Orb!

Illustrated notes

Levels and vault maps discovered:
D:1:      spicycebolla_green_bress_n_ham_2, layout_loops_ring, serial_shops,
          nicolae_shop_advertising_works [nicolae_subvault_shop_adworks],
          fountainhead
D:2:      layout_rooms, uniq_terence, uniq_natasha
D:3:      minmay_spotlight, layout_rooms, mainiacjoe_overflow_brackets,
          st_stairs_13, amcnicky_mini_rare_corridor_liquid, minmay_cupped
D:4:      layout_basic, minmay_temple_entry_mini_moons,
          minmay_goblin_kobold_house
D:5:      layout_basic, minmay_misc_feat_five, uniq_eustachio
D:6:      layout_cave_pools, gammafunk_temple_overflow_pools,
          nicolae_sif_muna_little_library, kennysheep_crisscross
D:7:      layout_gridville, mainiacjoe_overflow_alcove_1, zin_scriptorium,
          minivault_27, minmay_joined_circles
D:8:      wander_kiku_kobolds, layout_basic,
          hellmonk_guarded_unrand_gyre_and_gimble
D:9:      layout_rooms, grunt_temple_overflow_growth_and_decay,
          lemuel_round_altar, grunt_lair_entry_orc_guard_hut, orc_0_dummy,
          serial_shops, nicolae_square_shop
D:10:     layout_rooms, bloody_trog, eino_jars
D:11:     layout_irregular_city, uniq_erolcha
D:12:     cross_vault, layout_loops_ring, serial_ice, serial_ice_o,
          serial_ice_g, serial_ice_h, serial_ice_k, serial_ice_e, serial_ice_n
D:13:     layout_irregular_city, gammafunk_ghost_abyssal_escape, serial_bayou,
          serial_bayou_ford_a, serial_bayou_pond_e, serial_bayou_pond_b,
          serial_bayou_lake_a
D:14:     dreamdust_cave_troll, layout_layer_cave,
          lightli_vaults_fourway_checkpoint, kennysheep_cluttered_room
D:15:     grunt_enter_depths_giant_problem, layout_basic, minmay_misc_feat_rows,
          uniq_roxanne
Lair:1:   gammafunk_lair_enchanted_lake, layout_hall_layers, fungi_pond_lemuel,
          cheibrodos_lair_reptile_den, infiniplex_staircase_pool_2,
          grunt_megastairs_4
Lair:2:   hellmonk_destroyed_diamonds, layout_long_grid,
          spider_nest_entry_rubble, uniq_sonja, uniq_gastronok
Lair:3:   layout_loops_ring, minmay_swamp_entry_worms, lemuel_fruit_fields,
          lemuel_fruit_fields
Lair:4:   layout_cave_pods, nicolae_volcano_entry_two_sided, grunt_megastairs_5,
          infiniplex_staircase_pool
Lair:5:   evilmike_catoblepas_cave, layout_big_grid, dpeg_slime_entry_corner,
          gauntlet_entry_generic
Swamp:1:  layout_basic_swamp, nicolae_swamp_oxbows
Swamp:2:  layout_basic_swamp, serial_swamp_ruin, evilmike_swamp_ruin_house_2,
          evilmike_swamp_ruin_house_5, swamp_pool_5
Swamp:3:  layout_falls_marsh, nicolae_swamp_little_swirl
Swamp:4:  swamp, layout_basic_swamp
Spider:1: layout_cave_pods, uniq_louise
Spider:2: layout_spider_delve
Spider:3: nicolae_spider_obnoxious_hallway, nicolae_spider_nooks_and_crannies
Spider:4: grunt_spider_rune_circles, uniq_arachne, uniq_nikola
Orc:1:    layout_diamond_mine, basic_altar, mines2_david
Orc:2:    st_orc_rangers, layout_caves, serial_shops, nicolae_shop_trees, shop,
          nicolae_shop_trees, shop, uniq_urug
Elf:1:    eino_elf_arrival_sip, layout_geoelf_octagon, serial_shops, shop,
          hangedman_elf_disciples, uniq_agnes, uniq_jorgrun
Elf:2:    elven_hall_of_blades_hangedman_alternative [grunt_blade_entry_basic],
          layout_loops_corners, serial_shops, shop
Elf:3:    grunt_elf_hall_spiral, layout_onion_city,
          nicolae_trove_entry_crossroad, uniq_aizul
Vaults:1: nicolae_vaults_meeting, ontoclasm_vaults_spin,
          ontoclasm_vaults_misaligned, vaults_standard_mumra_x,
          nicolae_vaults_twisting_passages, grunt_vaults_bifocal,
          v_alt_pattern_2, nicolae_vaults_steering_wheel,
          ontoclasm_vaults_claustrophobia, nicolae_vaults_two_Ls,
          vaults_mumra_hexcomb, layout_vaults_maze
Vaults:2: nicolae_vaults_turnstiles, v_misc_10, nicolae_vaults_diamond_2,
          minmay_crypt_entry_nasty_monster, ontoclasm_vaults_eye,
          nicolae_vaults_heart-shaped_vault, nicolae_vaults_tetromino_T_1,
          ontoclasm_vaults_pinch, layout_vaults_omnigrid, serial_shops,
          nicolae_shop_tiny_waterfront, uniq_zenata
Vaults:3: lightli_enter_wizlab_magi_temple, v_misc_26, nicolae_vaults_rhombus_6,
          vaults_dpeg_ring, hangedman_vaults_pinch, v_misc_24,
          hangedman_vaults_corner, vaults_room_corners, nicolae_vaults_cochlea,
          v_misc_3, nicolae_vaults_trapezoid_1, nicolae_vaults_wine_cellar,
          layout_vaults_ring
Vaults:4: portal_desolation_entry_nicolae_slug, v_misc_12,
          ontoclasm_vaults_chip, dpeg_vaults_hating_casters,
          nicolae_vaults_closet_pinwheel_4, grunt_vaults_trifunnel,
          vaults_room_door_ring, nicolae_vaults_sesquioval_fish,
          nicolae_vaults_three_branches, vaults_room_grid,
          nicolae_vaults_specimen_jars, nicolae_vaults_two_Ls,
          layout_vaults_big_room, uniq_mara, uniq_xtahua
Vaults:5: uniq_jory, uniq_saint_roka, uniq_sojobo, uniq_margery
Depths:1: layout_honeycomb, hellmouth_3, moated_statue, serial_shops, shop,
          minivault_16, lightli_fourway_metalbox, uniq_norris, uniq_boris
Depths:2: minmay_the_grid_4x2 [minmay_the_grid_outer_circle,
          minmay_the_grid_armoury, minmay_the_grid_garden,
          minmay_the_grid_stretched_grid, minmay_the_grid_slots,
          minmay_the_grid_dragon_b, minmay_the_grid_broken_lines,
          minmay_the_grid_prize_inner_circle], layout_gridlike,
          enter_ziggurat_b, minmay_misc_feat_roman, pan_entry,
          nicolae_abyss_entry_one_way_or_another, grunt_hell_entry_dis_old
Depths:3: gammafunk_its_a_trap, layout_gridlike, minmay_crystal_water,
          regret_index_abyss_entry_earlier_magic, serial_shops,
          nicolae_shop_industrial_runoff, pf_coc_iceberg,
          infiniplex_staircase_pillars_2
Depths:4: hangedman_slaughterboxes, hell_entry, uniq_parghit
Zot:1:    layout_cellular_growth, st_stairs_13, uniq_josephina
Zot:2:    layout_gridlike, regret_index_zotdec_silver_v_v_orig_slice,
          ebering_ghost_inner_flame, st_stairs_11
Zot:3:    kennysheep_ambush_hall, layout_onion, regret_index_zotdec_onion_hex,
          grunt_ministairs_14, door_vault
Zot:4:    layout_basic, regret_index_zotdec_slimy_original
Zot:5:    layout_basic

Skill      XL: |  1  2  3  4  5  6  7  8  9 10 11 12 13 14 15 16 17 18 19 20 21 22 23 24 25 26 27 |
---------------+----------------------------------------------------------------------------------+-----
Long Blades    | 4 5 11 12 13 | 13.7
Stealth        | 1 2 3 5 6 9 10 12 13 | 13.2
Short Blades   | 2 4 6 9 10 12 | 12.4
Armour         | 3 5 7 8 10 11 13 15 16 21 | 21.1
Dodging        | 3 6 8 9 11 12 13 14 16 17 19 20 21 | 21.1
Evocations     | 4 8 10 12 14 16 17 18 20 22 24 25 26 | 26.0
Fighting       | 4 6 7 9 10 13 15 17 19 20 22 23 25 | 25.0
Shapeshifting  | 1 3 4 |  4.0

Action                     |  1- 3 |  4- 6 |  7- 9 | 10-12 | 13-15 | 16-18 | 19-21 | 22-24 | 25-27 || total
---------------------------+-------+-------+-------+-------+-------+-------+-------+-------+-------++-------
  Melee: Falchion          |    62 |    10 |       |       |       |       |       |       |       ||    72
         Dagger            |    58 |    83 |    84 |       |       |       |       |       |       ||   225
         Short sword       |       |    71 |   272 |       |       |       |       |       |       ||   343
         Pair of quick bla |       |       |    30 |  1662 |  2748 |  3647 |  1152 |       |       ||  9239
         Quick blade       |       |       |       |       |       |       |   987 |  4828 |  5824 || 11639
         Double sword      |       |       |       |       |       |       |   432 |       |   391 ||   823
  Throw: Dart              |       |       |     4 |     4 |     5 |       |       |       |       ||    13
 Invoke: Berserk           |     1 |     2 |       |     2 |     8 |    10 |     4 |     5 |     6 ||    38
         Trog's Hand       |       |       |       |     2 |       |     1 |     1 |     4 |     4 ||    12
         Brothers in Arms  |       |       |       |       |       |     3 |     7 |     3 |    12 ||    25
Ability: Invent Gizmo      |       |       |       |       |     1 |       |       |       |       ||     1
  Evoke: Wand              |       |       |       |       |     5 |     1 |     1 |    10 |     6 ||    23
         Tin of tremorston |       |       |       |       |       |     1 |     2 |       |       ||     3
         Sack of spiders   |       |       |       |       |       |       |       |       |     2 ||     2
    Use: Scroll            |       |       |       |    15 |     8 |     8 |    13 |     5 |    17 ||    66
         Potion            |       |       |       |       |     3 |     2 |     5 |     8 |    15 ||    33
   Stab: Sleeping          |     1 |     1 |     1 |     4 |    13 |    21 |     6 |       |       ||    47
         Distracted        |       |       |     1 |       |     1 |     4 |     3 |     1 |     8 ||    18
         Confused          |       |       |       |       |       |     1 |       |       |       ||     1
         Invisible         |       |       |       |       |       |       |       |       |     3 ||     3
         Held in net/web   |       |       |       |       |       |       |       |       |     3 ||     3
 Armour: Animal skin       |    43 |    12 |       |       |       |       |       |       |       ||    55
         Scale mail        |       |    34 |    69 |       |       |       |       |       |       ||   103
         Leather armour    |       |       |    23 |   113 |       |       |       |       |       ||   136
         Troll leather arm |       |       |       |     7 |       |       |       |       |       ||     7
         Acid dragon scale |       |       |       |    72 |   420 |   799 |   255 |       |       ||  1546
         Fire dragon scale |       |       |       |       |    16 |       |       |       |       ||    16
         Crystal plate arm |       |       |       |       |       |       |   450 |   969 |   258 ||  1677
         Skin              |       |       |       |       |       |       |       |     2 |       ||     2
         Gold dragon scale |       |       |       |       |       |       |       |       |  1097 ||  1097
  Dodge: Dodged            |    38 |    28 |    46 |   188 |   527 |   886 |   480 |   604 |   874 ||  3671

Table legend: (Time is in decaauts)
 A = Elapsed time spent in this place.
 B = Non-inter-level travel time spent in this place.
 C = Inter-level travel time spent in this place.
 D = Time resting spent in this place.
 E = Time spent auto-exploring this place.
 F = Levels seen in this place.
 G = Mean time per level.
                   A        B        C        D        E       F      G
               +--------+--------+--------+--------+--------+-----+--------+
         Total |  66273 |  59878 |   6395 |  13139 |  35184 |  52 | 1274.5 |
       Dungeon |  18500 |  15843 |   2657 |   2690 |  10702 |  15 | 1233.3 |
          Lair |   5822 |   5110 |    712 |    392 |   3643 |   5 | 1164.4 |
         Swamp |   4450 |   4258 |    192 |   1428 |   1984 |   4 | 1112.5 |
   Spider Nest |   4528 |   4370 |    158 |    580 |   2939 |   4 | 1132.0 |
  Orcish Mines |   2071 |   1874 |    197 |    723 |    712 |   2 | 1035.5 |
   Elven Halls |   6015 |   5527 |    488 |   1715 |   2746 |   3 | 2005.0 |
        Vaults |   6965 |   6245 |    720 |   1471 |   3443 |   5 | 1393.0 |
        Depths |   6688 |   5819 |    869 |   1168 |   3475 |   4 | 1672.0 |
           Zot |   8482 |   8083 |    399 |   2617 |   4274 |   5 | 1696.4 |
         Abyss |    231 |    231 |      0 |     78 |      0 |   1 |  231.0 |
       Volcano |    445 |    445 |      0 |      0 |    310 |   1 |  445.0 |
        Wizlab |    844 |    844 |      0 |    233 |    243 |   1 |  844.0 |
    Desolation |    797 |    797 |      0 |     41 |    465 |   1 |  797.0 |
      Gauntlet |    428 |    428 |      0 |      0 |    244 |   1 |  428.0 |
               +--------+--------+--------+--------+--------+-----+--------+

Top non-repeatable levels by time:
   Zot:5: 4234 daAuts
   Elf:3: 3116 daAuts
    D:12: 2985 daAuts
Depths:4: 2580 daAuts
Vaults:5: 2234 daAuts
    D:14: 2112 daAuts
   Elf:2: 1913 daAuts
     D:8: 1728 daAuts
  Lair:1: 1713 daAuts
 Swamp:3: 1625 daAuts
Vaults:1: 1574 daAuts
Depths:1: 1536 daAuts
Depths:2: 1462 daAuts
     D:9: 1346 daAuts
Spider:4: 1331 daAuts
